 Dungeon Crawl Stone Soup version 0.22-a0-240-g539252a (webtiles) character file.

1333 wolfsongas the Nimble (level 8, -11/67 HPs)
             Began as a Gnoll Wanderer on Feb 22, 2018.
             Mangled by an orc warrior
             ... wielding a +0 glaive
              (24 damage)
             ... on level 6 of the Dungeon.
             The game lasted 00:07:43 (5693 turns).

wolfsongas the Nimble (Gnoll Wanderer)              Turns: 5693, Time: 00:07:43

Health: -11/67     AC: 10    Str: 18    XL:     8   Next: 61%
Magic:  13/13      EV:  7    Int: 15    God:
Gold:   183        SH: 14    Dex: 13    Spells: 13/13 levels left

rFire    . . .     SeeInvis .   p - +0 scimitar
rCold    . . .     Gourm    .   j - +1 large shield
rNeg     . . .     Faith    .   k - +1 chain mail {MR+}
rPois    .         Spirit   .   (no helmet)
rElec    .         Reflect  .   (no cloak)
rCorr    .         Harm     .   (no gloves)
MR       +....                  (no boots)
Stlth    ..........             (no amulet)
HPRegen  0.21/turn              (no ring)
MPRegen  0.13/turn              (no ring)

@: no status effects
A: distributed training, fangs 1, strong nose
a: no special abilities


You were on level 6 of the Dungeon.
You were not hungry.

You visited 1 branch of the dungeon, and saw 6 of its levels.

You collected 183 gold pieces.

Inventory:

Hand Weapons
 p - a +0 scimitar (weapon)
Missiles
 b - 4 throwing nets (quivered)
Armour
 i - a +0 plate armour
 j - a +1 large shield (worn)
 k - a +1 chain mail of magic resistance (worn)
Scrolls
 a - 3 scrolls of teleportation
 d - 3 scrolls of identify
 g - a scroll of enchant weapon
 q - a scroll of remove curse
Potions
 h - a potion of resistance
 l - 3 potions of flight
 o - a potion of curing
Comestibles
 f - 12 rations


   Skills:
 + Level 7.4 Fighting
 + Level 3.3 Short Blades
 + Level 3.3 Long Blades
 + Level 3.3 Axes
 + Level 3.3 Maces & Flails
 + Level 3.3 Polearms
 + Level 3.3 Staves
 + Level 3.3 Slings
 + Level 3.3 Bows
 + Level 3.3 Crossbows
 + Level 4.3 Throwing
 + Level 3.3 Armour
 + Level 10.8 Dodging
 + Level 4.1 Stealth
 + Level 3.3 Shields
 + Level 3.3 Unarmed Combat
 + Level 3.3 Spellcasting
 + Level 2.7 Conjurations
 + Level 2.7 Hexes
 + Level 2.7 Charms
 + Level 2.7 Summonings
 + Level 2.7 Necromancy
 + Level 2.7 Translocations
 + Level 2.7 Transmutations
 + Level 2.7 Fire Magic
 + Level 2.7 Ice Magic
 + Level 2.7 Air Magic
 + Level 2.7 Earth Magic
 + Level 2.7 Poison Magic
 + Level 3.7 Invocations
 + Level 3.3 Evocations


You had 13 spell levels left.
You didn't know any spells.

Dungeon Overview and Level Annotations

Branches:
Dungeon (6/15)
 Temple: D:4-7

Altars:
Ashenzari
Dithmenos
Fedhas
Qazlal
Xom


Innate Abilities, Weirdness & Mutations

Your experience applies equally to all skills.
You have very sharp teeth.
Your uncanny sense of smell can sniff out nearby items.


Message History

The orc warrior is severely wounded.
The orc warrior closely misses you.
You hit the orc warrior.
The orc warrior is almost dead.
The orc warrior hits you with a glaive!
* * * LOW HITPOINT WARNING * * *
You closely miss the orc warrior.
The orc warrior is almost dead.
You block the orc warrior's attack.
You hit the orc warrior but do no damage.
The orc warrior is almost dead.
The orc warrior barely misses you.
Your shield prevents you from hitting the orc warrior.
Your bite misses the orc warrior.
The orc warrior is almost dead.
You block the orc warrior's attack.
You barely miss the orc warrior.
The orc warrior is almost dead.
The orc warrior hits you with a glaive!!
You die...

#..# ##.. #.## ....
###..####..####
.####....<..)....%.
...........[.......
........####.....##
#####...#).##...## ∆
#...#.o.##.##
#(..##.@.#.#
#######..##)'#.#+
#.........###...###..
#.####........8......
........###...###..
#####..## +#.#+ #.##
.# #.# .# ∆ ..#∆ .. ∆


You could see an orc warrior.

Vanquished Creatures
  The ghost of listentometal the Firebug, a novice OpFE (D:5)
  An orc warrior (D:5)
  2 ogres
  A bullfrog (D:6)
  A scorpion (D:5)
  A howler monkey (D:5)
  A centaur skeleton (D:6)
  2 bullfrog skeletons
  An orc priest (D:4)
  5 orc wizards
  An iguana (D:4)
  2 worker ants (D:4)
  A hound skeleton (D:4)
  5 adders
  4 gnolls (D:3)
  2 oozes
  2 adder skeletons (D:4)
  An adder zombie (D:6)
  A worm (D:4)
  A dart slug (D:2)
  3 leopard geckos
  24 orcs
  4 giant cockroaches
  7 goblins
  8 hobgoblins
  14 jackals
  2 quokkas
  A ball python (D:3)
  6 bats
  8 frilled lizards
  13 kobolds
  5 rats
131 creatures vanquished.

Vanquished Creatures (others)
  An adder (D:4)
  A worm (D:4)
  An orc (D:4)
  A giant cockroach (D:4)
  2 jackals (D:4)
6 creatures vanquished.

Grand Total: 137 creatures vanquished

Notes
Turn   | Place    | Note
-------+----------+-------------------------------------------
     0 | D:1      | Reached skill level 10 in Dodging
     0 | D:1      | wolfsongas the Gnoll Wanderer began the quest for the Orb.
     0 | D:1      | wolfsongas set off with: a +0 leather armour, 4 throwing nets, a +0 short sword, a +0 spear, a ration
     0 | D:1      | Reached XP level 1. HP: 23/23 MP: 1/1
   101 | D:1      | Reached XP level 2. HP: 16/29 MP: 2/2
   547 | D:1      | Reached XP level 3. HP: 35/35 MP: 3/3
  1349 | D:2      | Reached skill level 1 in Invocations
  1447 | D:2      | Reached skill level 1 in Short Blades
  1447 | D:2      | Reached skill level 1 in Long Blades
  1447 | D:2      | Reached skill level 1 in Axes
  1447 | D:2      | Reached skill level 1 in Maces & Flails
  1447 | D:2      | Reached skill level 1 in Polearms
  1447 | D:2      | Reached skill level 1 in Staves
  1447 | D:2      | Reached skill level 1 in Slings
  1447 | D:2      | Reached skill level 1 in Bows
  1447 | D:2      | Reached skill level 1 in Crossbows
  1447 | D:2      | Reached skill level 1 in Armour
  1447 | D:2      | Reached skill level 1 in Shields
  1447 | D:2      | Reached skill level 1 in Unarmed Combat
  1447 | D:2      | Reached skill level 1 in Spellcasting
  1447 | D:2      | Reached skill level 1 in Evocations
  1447 | D:2      | Reached XP level 4. HP: 30/41 MP: 5/5
  1953 | D:3      | Found a shadowy altar of Dithmenos.
  2091 | D:3      | Reached skill level 1 in Conjurations
  2091 | D:3      | Reached skill level 1 in Hexes
  2091 | D:3      | Reached skill level 1 in Charms
  2091 | D:3      | Reached skill level 1 in Summonings
  2091 | D:3      | Reached skill level 1 in Necromancy
  2091 | D:3      | Reached skill level 1 in Translocations
  2091 | D:3      | Reached skill level 1 in Transmutations
  2091 | D:3      | Reached skill level 1 in Fire Magic
  2091 | D:3      | Reached skill level 1 in Ice Magic
  2091 | D:3      | Reached skill level 1 in Air Magic
  2091 | D:3      | Reached skill level 1 in Earth Magic
  2091 | D:3      | Reached skill level 1 in Poison Magic
  2120 | D:3      | Found a stormy altar of Qazlal.
  2145 | D:3      | Reached XP level 5. HP: 36/47 MP: 6/6
  3194 | D:4      | Noticed an ogre
  3211 | D:4      | Killed an ogre
  3211 | D:4      | Reached XP level 6. HP: 23/53 MP: 8/8
  4030 | D:5      | Entered Level 5 of the Dungeon
  4059 | D:5      | Found a blossoming altar of Fedhas.
  4059 | D:5      | Found a shattered altar of Ashenzari.
  4329 | D:4      | Found a shimmering altar of Xom.
  4373 | D:4      | Reached XP level 7. HP: 33/59 MP: 10/10
  5185 | D:5      | Noticed listentometal's ghost (novice OpFE)
  5192 | D:5      | Killed listentometal's ghost
  5192 | D:5      | Reached XP level 8. HP: 67/67 MP: 10/12
  5693 | D:6      | Mangled by an orc warrior

Vault maps used:
D:1:      dpeg_arrival_circle_labyrinth_c, supply_closet_lemuel,
          minmay_tetromino_t2
D:2:      kennysheep_big_flooded_room
D:3:      lemuel_round_altar, grunt_dithmenos_smoke_and_mirrors
D:4:      first_ration, xom_confusion_cloud
D:5:      chequers_temple_overflow_statue_of_worship
D:6:      cheibrodos_barr_body, vehumet_statue, minitemple,
          lightli_sewer_entry_pipes, uniq_pikel, uniq_grinder

Skill      XL: |  1  2  3  4  5  6  7  8 |
---------------+-------------------------+-----
Dodging        | | 10.8
Invocations    | 1 2 3 |  3.7
Short Blades   | 1 2 3 |  3.3
Long Blades    | 1 2 3 |  3.3
Axes           | 1 2 3 |  3.3
Maces & Flails | 1 2 3 |  3.3
Polearms       | 1 2 3 |  3.3
Staves         | 1 2 3 |  3.3
Slings         | 1 2 3 |  3.3
Bows           | 1 2 3 |  3.3
Crossbows      | 1 2 3 |  3.3
Armour         | 1 2 3 |  3.3
Shields        | 1 2 3 |  3.3
Unarmed Combat | 1 2 3 |  3.3
Spellcasting   | 1 2 3 |  3.3
Evocations     | 1 2 3 |  3.3
Conjurations   | 1 2 |  2.7
Hexes          | 1 2 |  2.7
Charms         | 1 2 |  2.7
Summonings     | 1 2 |  2.7
Necromancy     | 1 2 |  2.7
Translocations | 1 2 |  2.7
Transmutations | 1 2 |  2.7
Fire Magic     | 1 2 |  2.7
Ice Magic      | 1 2 |  2.7
Air Magic      | 1 2 |  2.7
Earth Magic    | 1 2 |  2.7
Poison Magic   | 1 2 |  2.7
Throwing       | 3 4 |  4.3
Stealth        | 3 4 |  4.1
Fighting       | 7 |  7.4

Action                   |  1- 3 |  4- 6 |  7- 9 || total
-------------------------+-------+-------+-------++-------
Melee: Short sword       |   113 |   115 |       ||   228
       Bite              |     6 |    30 |    25 ||    61
       Whip              |       |   165 |       ||   165
       Scimitar          |       |    39 |   190 ||   229
  Use: Scroll            |     9 |     8 |     1 ||    18
       Potion            |       |     1 |     4 ||     5
 Stab: Sleeping          |     2 |       |       ||     2
  Eat: Chunk             |     2 |     4 |       ||     6
       Ration            |       |     2 |     1 ||     3
Armor: Leather armour    |    25 |     7 |       ||    32
       Chain mail        |       |   149 |    88 ||   237
Dodge: Dodged            |   132 |   118 |    43 ||   293
Block: Large shield      |       |   227 |   180 ||   407
       Rpst.: Scimitar   |       |     9 |    19 ||    28

Table legend:
 A = Spawn XP
 B = Non-spawn XP
 C = Spawn XP percentage of total XP
 D = Spawn monster count
 E = Non-spawn monster count
 F = Spawn count percentage of total count
 G = Total turns spent on level
                    A         B        C        D         E        F      G
               +---------+---------+-------+---------+---------+-------+---------
         Total |       0 |    1905 |   0.0 |       0 |     131 |   0.0 |  5693
               +---------+---------+-------+---------+---------+-------+---------
           D:1 |       0 |      53 |   0.0 |       0 |      29 |   0.0 |  1328
           D:2 |       0 |      58 |   0.0 |       0 |      25 |   0.0 |   622
           D:3 |       0 |     135 |   0.0 |       0 |      18 |   0.0 |   874
           D:4 |       0 |     427 |   0.0 |       0 |      24 |   0.0 |  1730
           D:5 |       0 |    1072 |   0.0 |       0 |      25 |   0.0 |  1062
           D:6 |       0 |     160 |   0.0 |       0 |      10 |   0.0 |    77
               +---------+---------+-------+---------+---------+-------+---------
